 Dungeon Crawl Stone Soup version 0.29-a0-234-g0dae59b3db (webtiles) character file.

Game seed: 1340183325828413935

1152 bande the Chopper (level 8, -3/49 HPs)
             Began as a Gargoyle Fighter on Mar 4, 2022.
             Was a Follower of Okawaru.
             Killed by divine providence
             ... invoked by an orc priest
              (11 damage)
             ... on level 5 of the Dungeon.
             The game lasted 00:14:41 (8173 turns).

bande the Chopper (Gargoyle Fighter)                Turns: 8173, Time: 00:14:42

Health: -3/49      AC: 23    Str: 27    XL:     8   Next: 38%
Magic:  9/9        EV: 11    Int:  8    God:    Okawaru [*.....]
Gold:   213        SH:  0    Dex: 11    Spells: 7/7 levels left

rFire   . . .      SeeInvis .   a - +1 war axe (protect)
rCold   . . .      Faith    .   c - +0 buckler
rNeg    + . .      Spirit   .   h - +0 plate armour
rPois   ∞          Reflect  .   k - +1 helmet
rElec   +          Harm     .   b - +1 cloak of Starlight {*Dazzle EV+4 Stlth--}
rCorr   .          Rampage  .   g - +0 pair of gloves
Will    .....                   (no boots)
Stlth   ..........              (no amulet)
HPRegen 0.16/turn               r - +6 ring of strength
MPRegen 0.11/turn               (no ring)

@: confused
A: sickness immunity, AC +5, negative energy resistance 1, electricity
resistance, torment resistance 1, petrification resistance
a: Renounce Religion, Heroism


You were on level 5 of the Dungeon.
You worshipped Okawaru.
Okawaru was aware of your devotion.
You visited 2 branches of the dungeon, and saw 6 of its levels.

You collected 213 gold pieces.

Inventory:

Hand Weapons
 a - a +1 war axe of protection (weapon)
 o - the +9 mace of Exquisite Torment {venom, rC+ rCorr}
   (You found it on level 3 of the Dungeon)

   It poisons the flesh of those it strikes.
   rC:        It protects you from cold.
   rCorr:     It protects you from acid and corrosion.
Armour
 b - the +1 cloak of Starlight (worn) {*Dazzle EV+4 Stlth--}
   (You acquired it on level 3 of the Dungeon)

   It may blind those who miss an attack against the wearer in melee combat.
   EV:        It affects your evasion (+4).
   Stlth:     It makes you much less stealthy.
 c - a +0 buckler (worn)
 g - a +0 pair of gloves (worn)
 h - a +0 plate armour (worn)
 k - a +1 helmet (worn)
Jewellery
 r - a +6 ring of strength (left hand)
Wands
 d - a wand of flame (25)
Scrolls
 i - 2 scrolls of amnesia
 m - a scroll of holy word
 n - 2 scrolls of blinking
Potions
 e - 2 potions of heal wounds
 f - 4 potions of curing
 j - a potion of brilliance
 l - 2 potions of degeneration {unknown}
 p - a potion of haste
 q - a potion of flight {unknown}
 t - a potion of attraction {unknown}
 u - a potion of magic {unknown}


   Skills:
 + Level 5.3 Fighting
 + Level 6.1 Axes
 + Level 5.2 Armour
 + Level 4.6 Shields
 * Level 2.6 Invocations
 * Level 2.0 Evocations


You had 7 spell levels left.
You didn't know any spells.
Your spell library contained the following spells:

 Spells                   Type           Power      Damage    Failure   Level
 Beastly Appendage        Tmut           0%         N/A       100%        1
 Slow                     Hex            0%         N/A       100%        1
 Scorch                   Fire           0%         2d5       100%        2
 Wereblood                Tmut           0%         N/A       100%        2
 Confusing Touch          Hex            0%         N/A       100%        3
 Spider Form              Tmut/Pois      0%         N/A       100%        3
 Vampiric Draining        Necr           0%         2d6       100%        3
 Flame Wave               Conj/Fire      0%         2d4       100%        4
 Summon Cactus Giant      Summ           Unusable   N/A       N/A         6

Dungeon Overview and Level Annotations

Branches:
Dungeon (5/15)             Temple (1/1) D:4

Altars:
Ashenzari
Cheibriados
Elyvilon
Fedhas
Kikubaaqudgha
Nemelex Xobeh
Okawaru
Qazlal
Ru
Trog
Vehumet
Wu Jian
Yredelemnul


Innate Abilities, Weirdness & Mutations

You are immune to sickness and miasma.
Your stone body is resilient. (AC +5)
You are immune to poison.
You resist negative energy. (rN+)
You are resistant to electric shocks. (rElec)
You are resistant to unholy torment.
You are immune to petrification.


Message History

You are confused.
The orc priest hits you with a +2 dagger of flaming.
The orc priest burns you. The orc wizard barely misses you.
You hit the orc priest.
The orc priest is lightly wounded.
You hit the iguana. You hit the orc wizard.
The iguana bites you but does no damage.
The orc wizard points at you and mumbles some strange words.
You are more confused.
The orc priest closely misses you.
The iguana bites you but does no damage.
The orc priest hits you but does no damage.
The iguana bites you but does no damage.
Unknown command.
The orc wizard hits you but does no damage.
The orc priest mumbles some strange prayers to Beogh against you.
Beogh smites you!
Unknown command.
You're too confused to move!
The orc wizard closely misses you. The iguana closely misses you.
You barely miss the iguana.
The iguana is heavily wounded.
You miss the orc priest. You closely miss the orc wizard.
The orc wizard barely misses you.
The orc priest hits you but does no damage.
The iguana bites you.
The orc wizard gestures at you while chanting.
You are more confused.
Unknown command.
The orc priest calls down the wrath of Beogh upon you.
Beogh smites you!
* * * LOW HITPOINT WARNING * * *
There is an escape hatch in the floor here.
Unknown command.
The iguana bites you.
* * * LOW HITPOINT WARNING * * *
The orc priest invokes the aid of Beogh against you.
Beogh smites you!
You die...

#....#......#.........##....
#......######....[.......#
###..### #.........#### .
#..# #.....>...####.# #..##
##..<........[[.. #...#
#..#####...###..# ##...#
##.## ###..####.#. #....#
#..# #........... #.#..#
#@#####.##o....#..
#.#..#####.lo....##...##..#
#.##.......o..#......### ##
###.##...#...........#..>..#
#...##...#................##
#...................[...#.#
#.......)..............##.#
#.....................## .
#...................#.# [


You could see an iguana, an orc priest and an orc wizard.

Vanquished Creatures
  Sigmund (D:2)
  Eustachio (D:5)
  A black bear (D:4)
  A gnoll sergeant (D:5)
  A howler monkey (D:3)
  5 orc priests
  2 hounds (D:4)
  A jelly (D:4)
  Jessica (D:2)
  An iguana (D:4)
  An orc wizard (D:5)
  Robin (D:2)
  9 gnolls
  10 adders
  An ufetubus (D:5)
  5 worms
  23 orcs
  15 ball pythons
  10 bats
  9 endoplasms
  2 giant cockroaches
  7 hobgoblins
  6 jackals
  7 quokkas
  6 frilled lizards
  20 goblins
  2 kobolds (D:1)
  6 rats (D:1)
155 creatures vanquished.

Notes
Turn   | Place    | Note
-------+----------+-------------------------------------------
     0 | D:1      | bande the Gargoyle Fighter began the quest for the Orb.
     0 | D:1      | Reached XP level 1. HP: 14/14 MP: 1/1
   284 | D:1      | Reached XP level 2. HP: 11/19 MP: 2/2
   487 | D:1      | Reached skill level 2 in Axes
   896 | D:1      | Found a faded altar of an unknown god.
   953 | D:1      | Reached XP level 3. HP: 21/23 MP: 3/3
  1949 | D:2      | Reached XP level 4. HP: 25/29 MP: 4/4
  2034 | D:2      | Reached skill level 3 in Axes
  2179 | D:2      | Noticed Jessica
  2180 | D:2      | Noticed Sigmund
  2185 | D:2      | Killed Jessica
  2217 | D:1      | Reached XP level 5. HP: 33/33 MP: 5/5
  3001 | D:2      | Killed Sigmund
  3002 | D:2      | Reached skill level 4 in Axes
  3002 | D:2      | Reached XP level 6. HP: 39/39 MP: 6/6
  3074 | D:2      | Found a bloodstained altar of Trog.
  3306 | D:2      | Noticed Robin
  3321 | D:2      | Killed Robin
  3546 | D:3      | Identified a scroll of acquirement
  3546 | D:3      | Acquired the +1 cloak of Starlight {*Dazzle EV+4 Stlth--}
  3546 | D:3      | Found the +1 cloak of Starlight {*Dazzle EV+4 Stlth--}
  4090 | D:3      | Identified the +9 mace of Exquisite Torment {venom, rC+
                  | rCorr}
  4149 | D:3      | Reached XP level 7. HP: 44/44 MP: 7/7
  4619 | D:4      | Found a staircase to the Ecumenical Temple.
  4737 | Temple   | Entered the Ecumenical Temple
  4744 | Temple   | Became a worshipper of Warmaster Okawaru
  4788 | D:4      | Reached skill level 5 in Axes
  5252 | D:4      | Reached skill level 1 in Invocations
  6082 | D:5      | Entered Level 5 of the Dungeon
  6282 | D:4      | Reached skill level 1 in Evocations
  7032 | D:4      | Reached skill level 5 in Fighting
  7052 | D:4      | Reached skill level 5 in Armour
  7242 | D:5      | Reached XP level 8. HP: 46/49 MP: 9/9
  7280 | D:5      | Noticed Eustachio
  7292 | D:5      | Killed Eustachio
  7514 | D:4      | Reached * piety under Okawaru
  7515 | D:4      | Reached skill level 6 in Axes
  8173 | D:5      | Killed from afar by an orc priest

Illustrated notes

Levels and vault maps discovered:
D:1:      amcnicky_arrival_blooded_trapdoor, layout_basic,
          hellmonk_ecumenical_altar_blasted
D:2:      layout_rooms, basic_altar, minmay_guardbox, uniq_jessica,
          uniq_sigmund, uniq_robin
D:3:      layout_basic
D:4:      layout_basic, minmay_temple_entry_fiery, minmay_starry_boxes
D:5:      layout_rooms, grunt_temple_overflow_open, uniq_eustachio
Temple:   nicolae_temple_x_marks_the_god

Skill      XL: |  1  2  3  4  5  6  7  8 |
---------------+-------------------------+-----
Axes           | 2 3 4 5 6 |  6.1
Fighting       | 4 5 |  5.3
Armour         | 4 5 |  5.2
Shields        | 4 |  4.6
Invocations    | 2 |  2.6
Evocations     | 1 2 |  2.0

Action                   |  1- 3 |  4- 6 |  7- 9 || total
-------------------------+-------+-------+-------++-------
Melee: War axe           |   134 |   179 |   153 ||   466
  Use: Scroll            |     1 |     8 |     6 ||    15
       Potion            |       |     1 |       ||     1
 Stab: Invisible         |       |     2 |     3 ||     5
Armor: Scale mail        |    85 |    93 |       ||   178
       Chain mail        |       |    44 |    36 ||    80
       Plate armour      |       |       |    78 ||    78
Dodge: Dodged            |   101 |   128 |   127 ||   356
Block: Buckler           |    40 |    49 |    46 ||   135

Table legend: (Time is in decaauts)
 A = Elapsed time spent in this place.
 B = Non-inter-level travel time spent in this place.
 C = Inter-level travel time spent in this place.
 D = Time resting spent in this place.
 E = Time spent auto-exploring this place.
 F = Levels seen in this place.
 G = Mean time per level.
                   A        B        C        D        E       F      G
               +--------+--------+--------+--------+--------+-----+--------+
         Total |   8366 |   8171 |    195 |   3818 |   2719 |   6 | 1394.3 |
       Dungeon |   8355 |   8160 |    195 |   3818 |   2719 |   5 | 1671.0 |
        Temple |     11 |     11 |      0 |      0 |      0 |   1 |   11.0 |
               +--------+--------+--------+--------+--------+-----+--------+

Top non-repeatable levels by time:
     D:4: 3284 daAuts
     D:1: 2708 daAuts
     D:2: 1168 daAuts
     D:3: 749 daAuts
     D:5: 445 daAuts
  Temple: 11 daAuts
